 Dungeon Crawl Stone Soup version 0.30-a0-622-gddc90eaa04 (webtiles) character file.

Game seed: 3605838015930208232

4 flotson the Sneak (level 1, -2/18 HPs)
             Began as a Demonspawn Delver on Jan 11, 2023.
             Killed from afar by a white imp (10 damage)
             ... with a puff of frost
             ... on level 4 of the Dungeon.
             The game lasted 00:01:24 (164 turns).

flotson the Sneak (Demonspawn Delver)                Turns: 164, Time: 00:01:24

Health: -2/18      AC:  3    Str: 12    XL:     1   Next: 58%
Magic:  1/1        EV: 11    Int: 11    God:
Gold:   10         SH:  0    Dex: 14    Spells: 0/0 levels left

rFire   . . .      SeeInvis .    a - +0 hand axe
rCold   . . .      Faith    .    (no shield)
rNeg    . . .      Spirit   .    b - +0 leather armour
rPois   .          Reflect  .    (no helmet)
rElec   .          Harm     .    (no cloak)
rCorr   .          Rampage  .    (no gloves)
Will    .....                    (no boots)
Stlth   ++                       (no amulet)
HPRegen 0.23/turn                (no ring)
MPRegen 0.07/turn                (no ring)

@: hasted, very quick
A: no striking features
a: no special abilities


You were on level 4 of the Dungeon.
You visited 1 branch of the dungeon, and saw 2 of its levels.

You collected 10 gold pieces.

Inventory:

Hand Weapons
 a - a +0 hand axe (weapon)
Armour
 b - a +0 leather armour (worn)
Wands
 g - a wand of digging (3)
Scrolls
 c - a scroll of fog
 d - a scroll of magic mapping
Potions
 h - a potion of heal wounds {unknown}


   Skills:
 + Level 3.0 Fighting
 + Level 1.9 Axes
 + Level 1.9 Dodging
 + Level 4.5 Stealth


You couldn't memorise any spells.
You didn't know any spells.
Your spell library was empty.

Dungeon Overview and Level Annotations

Branches:
Dungeon (5/15)
 Temple: D:4-7

Altars:

Annotations:
D:5 Grinder


Message History

You climb upwards.
There is a stone staircase leading down here.
You see here 5 stones.
A goblin comes into view. It is wielding a +0 dagger.
The goblin shouts!
You hear a shout! x3
The goblin closely misses you.
An orc comes into view.
It is wielding a +1 whip of electrocution.
You hit the goblin.
You kill the goblin!
A white imp comes into view.
An orc and a scorpion come into view.
An orc wizard comes into view. It is wielding a +0 dagger.
Found 5 gold pieces.
The white imp shouts, "Return whence thou came, thou erky hell-hated bugbear!"
The orc hits you with a +1 whip of electrocution.
An orc comes into view. It is wielding a +0 dagger.
The orc shouts! x2
You hit the orc.
The orc is almost dead.
The orc barely misses you.
A goblin comes into view. It is wielding a +0 club.
The orc wizard mumbles some strange words.
The orc wizard flickers and vanishes!
Deactivating autopickup; reactivate with Ctrl-A.
The orc closely misses you.
The goblin moves out of view.
You closely miss the orc.
The orc is almost dead.
The orc misses you.
You hit the orc.
You kill the orc!
An orc comes into view. It is wielding a +0 flail.
You hear some strange, mumbled words.
A puff of flame appears from out of thin air!
The puff of flame hits you!
You are too injured to fight recklessly!
You feel yourself speed up. The white imp gestures at you.
The puff of frost hits you!
Ouch! That really hurt!
You die...

># #.# .# ########.#
.# #.....##.#
(###.....##.#
.........##.######
.###.....##......#####
## #............)....#
#############.###.#
#..@# #.#..5# #.
#{##s# .. .. o.. ##
##. #.$ #o ..# .. .#
#. #


You could see a scorpion, a white imp and 2 orcs.

Vanquished Creatures
  An orc (D:4)
  A goblin (D:4)
  A hobgoblin (D:4)
3 creatures vanquished.

Notes
Turn   | Place    | Note
-------+----------+-------------------------------------------
     0 | D:5      | flotson the Demonspawn Delver began the quest for the Orb.
     0 | D:5      | Reached XP level 1. HP: 18/18 MP: 1/1
     4 | D:5      | Noticed Grinder
    37 | D:5      | Paralysed by Grinder for 4 turns
   159 | D:4      | Noticed a scorpion
   159 | D:4      | Noticed an orc wizard
   164 | D:4      | Killed from afar by a white imp

Illustrated notes

Levels and vault maps discovered:
D:4:      layout_loops_ring, general_overflow_altar
D:5:      layout_loops_cross, uniq_eustachio, uniq_menkaure, uniq_edmund,
          uniq_grinder, uniq_crazy_yiuf_cottage

Action                   || total
-------------------------++-------
Melee: Hand axe          ||     5
  Use: Scroll            ||     1
       Potion            ||     1
Dodge: Dodged            ||     4

Table legend: (Time is in decaauts)
 A = Elapsed time spent in this place.
 B = Non-inter-level travel time spent in this place.
 C = Inter-level travel time spent in this place.
 D = Time resting spent in this place.
 E = Time spent auto-exploring this place.
 F = Levels seen in this place.
 G = Mean time per level.
                   A        B        C        D        E       F      G
               +--------+--------+--------+--------+--------+-----+--------+
         Total |    166 |    166 |      0 |      0 |     67 |   2 |   83.0 |
       Dungeon |    166 |    166 |      0 |      0 |     67 |   2 |   83.0 |
               +--------+--------+--------+--------+--------+-----+--------+

Top non-repeatable levels by time:
     D:4: 105 daAuts
     D:5: 60 daAuts
